 Dungeon Crawl Stone Soup version 0.29.1-1-gd02db6906a (webtiles) character file.

Game seed: 15067433741348073633

809 Tiocfaidh the Cudgeller (level 7, -2/62 HPs)
             Began as a Troll Fire Elementalist on Oct 20, 2022.
             Slain by a wight
             ... wielding a +0 battleaxe
              (25 damage)
             ... on level 5 of the Dungeon.
             The game lasted 00:25:05 (4290 turns).

Tiocfaidh the Cudgeller (Troll Fire Elementalist)   Turns: 4290, Time: 00:25:05

Health: -2/62      AC:  6    Str: 17    XL:     7   Next: 61%
Magic:  1/9        EV: 10    Int: 13    God:
Gold:   244        SH:  5    Dex: 10    Spells: 7/10 levels left

rFire   . . .      SeeInvis .   k - +2 flail (protect)
rCold   . . .      Faith    .   q - orb {mayhem}
rNeg    . . .      Spirit   .   l - +2 robe of the Blessed Realm {Harm Stlth+}
rPois   .          Reflect  +   (helmet restricted)
rElec   .          Harm     +   (no cloak)
rCorr   .          Rampage  .   (gloves unavailable)
Will    +....                   (boots unavailable)
Stlth   +++.......              f - amulet of reflection
HPRegen 1.00/turn               g - ring of willpower
MPRegen 0.11/turn               (no ring)

@: no status effects
A: large, unfitting armour, claws 3, regeneration 1, shaggy fur 1, tough skin 1
a: no special abilities


You were on level 5 of the Dungeon.
You visited 1 branch of the dungeon, and saw 5 of its levels.

You collected 244 gold pieces.

Inventory:

Hand Weapons
 k - a +2 flail of protection (weapon)
Missiles
 c - 2 poisoned darts
Armour
 l - the +2 robe of the Blessed Realm (worn) {Harm Stlth+}
   (You found it on level 2 of the Dungeon)

   Harm:      It increases damage dealt and taken.
   Stlth:     It makes you more stealthy.
 q - an orb of mayhem (worn)
Jewellery
 f - an amulet of reflection (around neck)
 g - a ring of willpower (left claw)
Scrolls
 b - a scroll of poison {unknown}
 d - a scroll of enchant weapon {unknown}
 h - 2 scrolls of teleportation {unknown}
 m - a scroll of magic mapping {unknown}
 n - a scroll of immolation {unknown}
 o - 2 scrolls of identify {unknown}
 p - a scroll of noise {unknown}
 s - a scroll of blinking {unknown}
Potions
 a - 2 potions of cancellation {unknown}
 e - 2 potions of heal wounds {unknown}
 i - 4 potions of curing {unknown}
 j - a potion of lignification {unknown}
 r - a potion of invisibility {unknown}


   Skills:
 + Level 1.4 Fighting
 + Level 3.7 Maces & Flails
 + Level 2.7 Dodging
 + Level 2.0 Stealth
 + Level 1.3 Shields
 + Level 1.8 Unarmed Combat
 + Level 2.4 Spellcasting
 + Level 1.4 Conjurations
 + Level 3.1 Fire Magic


You had 7 spell levels left.
You knew the following spells:

 Your Spells              Type           Power      Damage    Failure   Level
a - Foxfire               Conj/Fire      28%        2x1d5     10%         1
b - Scorch                Fire           18%        2d6       10%         2

Your spell library contained the following spells:

 Spells                   Type           Power      Damage    Failure   Level
 Sandblast                Erth           2%         2d4       24%         1
 Summon Small Mammal      Summ           4%         N/A       24%         1
 Conjure Flame            Conj/Fire      7%         6-21      28%         3
 Passwall                 Tmut/Erth      0%         N/A       36%         2
 Inner Flame              Hex/Fire       5%         N/A       36%         3
 Dazzling Flash           Conj/Hex       6%         N/A       50%         3
 Stone Arrow              Conj/Erth      6%         3d7       50%         3
 Call Canine Familiar     Summ           1%         N/A       58%         3
 Summon Guardian Golem    Hex/Summ       1%         N/A       58%         3
 Flame Wave               Conj/Fire      7%         2d5       67%         4
 Agony                    Necr           1%         N/A       100%        5
 Silence                  Hex/Air        0%         N/A       100%        5


Dungeon Overview and Level Annotations

Branches:
Dungeon (5/15)
 Temple: D:4-7

Altars:
Nemelex Xobeh


Innate Abilities, Weirdness & Mutations

You are too large for most types of armour.
You have claws for hands.
Your natural rate of healing is unusually fast.
You are covered in fur. (AC +1)
You have tough skin. (AC +1)


Message History

Confirm with . or Enter, or press ? or * to list all spells.
Flames lash the wight.
The wight is severely damaged.
The wight's fire resistance burns away.
Casting: Scorch (safe; 11% risk of failure)
Confirm with . or Enter, or press ? or * to list all spells.
Flames lash the wight.
The wight is burned terribly!
The wight is almost destroyed.
The wight hits you with a +4 great sword!
You feel drained.
Casting: Scorch (safe; 11% risk of failure)
Confirm with . or Enter, or press ? or * to list all spells.
Flames lash the wight.
You destroy the wight!
The wight flies into a frenzy!
You block the wight's attack.
Your life force feels restored.
Casting: Scorch (safe; 10% risk of failure)
Confirm with . or Enter, or press ? or * to list all spells.
Flames lash the wight.
The wight is severely damaged.
The wight's fire resistance burns away.
The wight closely misses you.
You hit the wight.
Your weapon exudes an aura of protection.
The wight is severely damaged.
The wight hits you with a +0 battleaxe! x2
* * * LOW HITPOINT WARNING * * *
You barely miss the wight.
The wight is severely damaged.
The wight barely misses you. The wight closely misses you.
Casting: Scorch (safe; 10% risk of failure)
Confirm with . or Enter, or press ? or * to list all spells.
You don't have enough magic to cast this spell.
Things that are here:
a +0 whip; a +0 flail The wight hits you with a +0 battleaxe.
The wight is no longer more vulnerable to fire.
The wight attacks as you move away! You block the wight's attack.
The wight hits you but does no damage.
The wight hits you with a +0 battleaxe!!
You die...

#.# #).# #.#####
##### #..# ##.#...
...# #..#
.###....#######.##
#..##
.................#
#...#
.###....#######..#
##..# ##.#.# #..#
#_.# #.#.#
####..#######..#
#.#.#
#....@z...).)..#
#.#.#
#.##.###########
#.#.# #.##.#
#.#.####.##.#
#...........#
##.#####.#### #.#
#.# #####.# #.#
##...#.## #.#


You could see a neutral wight (fast, strong, insane).

Vanquished Creatures
  Grinder (D:4)
  A water moccasin (D:5)
  An ogre (D:4)
  A wight (D:5)
  A spectral centaur (D:5)
  A hound (D:3)
  Jessica (D:2)
  An orc wizard (D:4)
  Natasha (D:4)
  8 gnolls
  9 adders
  A worm (D:4)
  A dart slug (D:1)
  2 orcs (D:4)
  6 ball pythons
  4 bats
  3 endoplasms
  A giant cockroach (D:4)
  13 goblins
  11 hobgoblins
  3 jackals (D:1)
  A quokka (D:4)
  2 frilled lizards (D:2)
  3 kobolds
  5 rats
82 creatures vanquished.

Vanquished Creatures (collateral kills)
  A goblin (D:4)
  A quokka (D:4)
2 creatures vanquished.

Vanquished Creatures (others)
  40 foxfires
  19 withered plants (D:5)
59 creatures vanquished.

Grand Total: 143 creatures vanquished

Notes
Turn   | Place    | Note
-------+----------+-------------------------------------------
     0 | D:1      | Tiocfaidh the Troll Fire Elementalist began the quest for
                  | the Orb.
     0 | D:1      | Reached XP level 1. HP: 16/16 MP: 1/1
   401 | D:1      | Reached XP level 2. HP: 24/24 MP: 0/3
   598 | D:1      | Reached skill level 1 in Conjurations
   693 | D:1      | Reached XP level 3. HP: 28/31 MP: 2/4
   843 | D:2      | Learned a level 2 spell: Scorch
   904 | D:2      | Reached skill level 1 in Unarmed Combat
  1246 | D:2      | Noticed Jessica
  1296 | D:2      | Killed Jessica
  1297 | D:2      | Reached XP level 4. HP: 31/39 MP: 0/5
  1496 | D:2      | Identified the +2 robe of the Blessed Realm {Harm Stlth+}
  1605 | D:2      | Reached XP level 5. HP: 44/45 MP: 6/6
  1709 | D:2      | Found a faded altar of an unknown god.
  2975 | D:4      | Noticed Natasha
  2980 | D:3      | Reached skill level 1 in Maces & Flails
  3042 | D:4      | Noticed an ogre
  3097 | D:4      | Noticed an ice beast
  3411 | D:4      | Killed an ogre
  3412 | D:4      | Reached XP level 6. HP: 34/54 MP: 2/7
  3497 | D:4      | Identified the +1 rapier of Contention {freeze, Fly rF+ rC+
                  | Dex-5}
  3761 | D:4      | Killed Natasha
  3813 | D:4      | Noticed Grinder
  3834 | D:4      | HP: 2/54 [Grinder (2)]
  3835 | D:4      | Killed Grinder
  3836 | D:4      | Reached skill level 1 in Fighting
  3836 | D:4      | Reached skill level 1 in Shields
  3836 | D:4      | Reached XP level 7. HP: 3/62 MP: 3/9
  4018 | D:5      | Entered Level 5 of the Dungeon
  4096 | D:5      | Found a sparkling altar of Nemelex Xobeh.
  4290 | D:5      | Slain by a wight

Illustrated notes

Levels and vault maps discovered:
D:1:      tarquinn_simple_flora_water_b, layout_loops_ring,
          minmay_misc_feat_pillars, glass_columns_b, nrook_campfire
D:2:      cheibrodos_greedy_goblins, layout_basic, basic_ecumenical_altar,
          chequers_serial_rivers_micro_c, uniq_jessica
D:3:      layout_basic, st_stairs_12
D:4:      layout_rooms, uniq_grinder, uniq_natasha
D:5:      layout_loops_ring, overflow_temple_1_default, xom_confusion_cloud,
          dilly_guarded_unrand_morg, uniq_blork_the_orc

Skill      XL: |  1  2  3  4  5  6  7 |
---------------+----------------------+-----
Conjurations   | 1 |  1.4
Unarmed Combat | 1 |  1.8
Dodging        | 2 |  2.7
Maces & Flails | 2 3 |  3.7
Spellcasting   | 2 |  2.4
Fighting       | 1 |  1.4
Shields        | 1 |  1.3
Fire Magic     | 3 |  3.1
Stealth        | 2 |  2.0

Action                   |  1- 3 |  4- 6 |  7- 9 || total
-------------------------+-------+-------+-------++-------
Melee: Unarmed           |    62 |     3 |       ||    65
       Punch             |     1 |     1 |       ||     2
       Flail             |       |   106 |    40 ||   146
 Cast: Foxfire           |    18 |     8 |       ||    26
       Scorch            |     4 |    12 |    11 ||    27
  Use: Potion            |       |     1 |       ||     1
 Stab: Sleeping          |     2 |     4 |     1 ||     7
Armor: Robe              |    19 |    46 |    13 ||    78
Dodge: Dodged            |    37 |    43 |    26 ||   106
Block: Other             |    12 |    13 |       ||    25
       Reflection        |       |     2 |       ||     2
       Orb               |       |    15 |    15 ||    30
